Map: Orbital Shipyard

Players

lesha

  • Race: Terran Terran

StranaOz - Winner!

  • Race: Zerg Zerg
  • League: Silver

VOD

Have the link to the VOD?

Description

Time

  • Played on: Nov. 27, 2015, 6:10 a.m.
  • Length: 14:14
Show
View Real Time Build Order
Export as new Build Order

lesha Terran 

Build Orders: MMM Bio 

Get SALT Encoding   

  12  0:04  SCV  
  13  0:16  SCV  
  14  0:23  Supply Depot  
  14  0:28  SCV  
  15  0:45  SCV  
  16  0:54  Barracks  
  17  0:57  SCV  
  17  0:59  Refinery  
  17  1:09  SCV  
  18  1:21  SCV  
  19  1:33  SCV  
  20  1:42  Command Center  
  20  1:43  Supply Depot  
  20  1:50  SCV  
  21  1:54  Marine  
  22  2:02  SCV  
  23  2:14  SCV  
  24  2:16  Marine  
  25  2:27  SCV  
  25  2:28  Refinery  
  26  2:34  Marine  
  27  2:42  Engineering Bay  
  27  2:45  Orbital Command  
  27  2:54  Barracks Tech Lab  
  27  3:25  SCV x2  
  29  3:37  SCV  
  30  3:43  Barracks  
  30  3:44  Barracks  
  30  3:47  Barracks  
  30  3:55  Factory  
  30  4:02  Orbital Command  
  30  4:15  Marine  
  31  4:33  Marine  
  32  4:45  SCV  
  33  4:46  SCV  
  33  4:51  Marine  
  35  4:55  Barracks Tech Lab x3  
  35  4:59  Barracks Reactor  
  35  5:02  Stimpack  
  35  5:04  Terran Infantry Weapons Level 1  
  35  5:09  SCV  
  35  5:10  SCV  
  37  5:19  Supply Depot x2  
  37  5:20  Supply Depot  
  37  5:21  SCV  
  37  5:22  SCV  
  37  5:24  Marine x2  
  37  5:25  Marine  
  42  5:31  Factory Tech Lab  
  42  5:42  Marine x3  
  42  5:43  SCV x2  
  42  5:44  Starport  
  47  5:51  Refinery  
  47  5:53  Refinery  
  47  5:55  SCV x2  
  49  5:57  Marine  
  49  5:58  Marine  
  49  6:00  Marine x3  
  54  6:05  Barracks  
  54  6:15  Marine x2  
  54  6:16  Command Center  
  54  6:18  Marine x3  
  59  6:33  Marine  
  59  6:36  Marauder x2  
  64  6:43  Starport  
  64  6:44  Medivac  
  66  6:52  Barracks  
  66  6:58  SCV x2  
  68  7:09  Terran Infantry Armor Level 1  
  68  7:12  Combat Shields  
  68  7:14  Medivac  
  70  7:25  Barracks Tech Lab  
  70  7:40  Barracks  
  70  7:44  Medivac  
  72  7:52  Barracks Tech Lab  
  71  8:00  Starport Tech Lab  
  45  8:14  Medivac  
  45  8:15  Marine x3  
  45  8:16  Marine x4  
  54  8:32  Marine  
  54  8:33  Marine x5  
  54  8:34  Marine x2  
  62  8:44  Medivac  
  64  8:50  Supply Depot, Marine  
  64  8:51  Marine x5  
  70  9:07  Marine x3  
  70  9:09  Medivac, Marine x2  
  77  9:13  Supply Depot  
  77  9:14  Medivac  
  79  9:24  Factory Reactor  
  79  9:35  Supply Depot  
  79  9:39  Medivac  
  79  9:44  Marine x6  
  79  9:45  Marine x2  
  89  10:00  Planetary Fortress  
  89  10:02  Marine x7  
  89  10:03  Marine  
  97  10:19  Marine  
  97  10:20  Marine x7  
  105  10:32  Medivac x2  
  109  10:44  Supply Depot  
  109  10:46  Marine  
  109  10:47  Marine x2  
  109  10:48  Marine x2  
  109  10:49  Marine x3  
  96  11:02  Medivac x2  
  96  11:03  Marine  
  88  11:05  Marine x2  
  88  11:06  Marine x3  
  88  11:07  Supply Depot, Marine x2  
  92  11:21  Marine  
  92  11:23  Marine x2  
  92  11:24  Marine x4  
  92  11:25  Marine  
  99  11:31  Supply Depot  
  99  11:32  Medivac x2  
  104  11:38  Supply Depot x2  
  104  11:39  Marine  
  105  11:41  Marine x3  
  105  11:42  SCV, Marine x3  
  105  11:43  Marine  
  105  11:46  SCV x2  
  115  11:54  SCV  
  115  11:57  Marine  
  115  11:58  SCV x2  
  115  11:59  Hellion x2, Marine x4  
  115  12:00  Supply Depot, Marine x2  
  115  12:01  Marine  
  130  12:02  Supply Depot, Raven, Medivac  
  130  12:06  SCV  
  135  12:09  Command Center  
  135  12:10  SCV x2  
  135  12:15  Marine  
  138  12:16  Marine x2  
  138  12:17  Marine x2  
  138  12:18  Marine x2  
  138  12:19  Marine  
  138  12:20  Hellion x2  
  146  12:25  Supply Depot x2  
  145  12:31  SCV  
  145  12:32  Marine  
  145  12:34  Marine x2  
  145  12:35  Marine x3  
  145  12:36  Marine x2  
  154  12:50  Marine  
  155  12:52  Marine x2  
  155  12:53  Marine x4  
  155  12:54  Marine  
  163  13:05  SCV x2  
  163  13:06  SCV  
  163  13:08  Marine  
  163  13:10  Marine x3  
  163  13:11  Marine x3  
  163  13:12  Marine  
  173  13:17  SCV  
  173  13:18  SCV x2  
  170  13:26  Marine  
  155  13:28  Marine x4  
  155  13:29  SCV, Marine x2  
  161  13:38  Marine  
  162  13:43  Medivac x2  
  162  13:44  Marine  
  162  13:45  Marine x2  
  162  13:46  Marine x2  
  162  13:47  Marine x2  
  169  13:56  Marine  
Show
View Real Time Build Order
Export as new Build Order

StranaOz Zerg - Winner!

Build Orders: Pool First 

Get SALT Encoding   

  12  0:01  Drone  
  13  0:08  Drone  
  14  0:17  Overlord  
  14  0:24  Extractor  
  14  0:25  Drone  
  14  0:36  Drone x2  
  16  0:53  Spawning Pool  
  16  0:54  Drone  
  16  0:57  Drone  
  17  1:07  Drone  
  18  1:17  Drone  
  19  1:40  Hatchery  
  19  1:41  Zergling x2  
  19  1:46  Queen  
  21  1:55  Overlord  
  21  1:56  Zergling x2  
  22  2:04  Metabolic Boost  
  22  2:16  Overlord  
  22  2:26  Queen  
  24  2:34  Drone  
  24  2:35  Drone  
  24  2:36  Drone  
  27  2:46  Roach Warren  
  27  2:47  Drone  
  27  3:02  Drone x4, Extractor  
  27  3:04  Drone  
  31  3:17  Queen  
  33  3:34  Drone x3  
  34  3:41  Roach x4  
  44  3:49  Overlord  
  44  4:11  Drone x5  
  44  4:12  Drone x3  
  52  4:34  Overlord x3  
  52  4:47  Hatchery  
  51  4:54  Lair  
  51  4:56  Drone x2  
  51  4:57  Drone  
  54  5:01  Evolution Chamber  
  54  5:04  Evolution Chamber  
  52  5:12  Roach x5  
  52  5:13  Roach x3  
  68  5:27  Extractor  
  67  5:29  Overlord x2  
  67  5:30  Overlord  
  67  5:37  Zerg Ground Armor Level 1  
  67  5:41  Zerg Melee Weapons Level 1  
  67  5:57  Queen  
  67  6:04  Zergling x12  
  71  6:06  Queen  
  77  6:16  Extractor  
  76  6:19  Roach x2  
  76  6:20  Roach x6  
  76  6:21  Roach  
  94  6:27  Hydralisk Den  
  94  6:28  Glial Reconstitution  
  93  6:41  Drone x2  
  93  7:03  Lurker Den  
  93  7:17  Spire  
  93  7:21  Drone x5  
  97  7:38  Drone x3  
  97  7:39  Drone x3  
  103  7:46  Zergling x4  
  103  7:49  Overlord x4  
  103  7:50  Overlord x4  
  101  8:05  Zergling x12  
  94  8:06  Zergling x4  
  91  8:37  Drone x3  
  94  8:55  Extractor  
  93  8:58  Extractor  
  92  9:09  Hatchery  
  91  9:14  Zergling x8  
  91  9:15  Hydralisk x4, Zergling x4  
  91  9:16  Hydralisk x7  
  91  9:17  Hydralisk  
  121  9:31  Drone  
  121  9:32  Drone x2  
  124  9:45  Muscular Augments  
  124  10:08  Hydralisk x2  
  124  10:09  Hydralisk x6  
  124  10:12  Ravager  
  124  10:13  Hatchery  
  140  10:14  Lurker x3  
  140  10:17  Zergling x6  
  140  10:18  Zergling x2  
  147  10:30  Overlord x3  
  147  10:31  Overlord x5  
  90  10:57  Zergling x6  
  90  10:58  Zergling x8  
  69  11:04  Drone x2  
  69  11:16  Roach x5  
  69  11:17  Roach x3  
  82  11:32  Zerg Ground Armor Level 2  
  82  11:34  Baneling Nest, Zerg Melee Weapons Level 2  
  82  11:38  Queen  
  83  11:46  Roach x6  
  83  11:47  Hydralisk x5, Roach  
  97  11:48  Hydralisk x4  
  115  11:57  Drone x3  
  115  11:59  Zergling x10  
  123  12:05  Queen  
  125  12:08  Drone  
  125  12:09  Drone x2  
  125  12:10  Zergling x2  
  125  12:11  Zergling x10  
  122  12:28  Zergling x4  
  122  12:29  Roach x2, Zergling x6  
  105  12:30  Roach x4  
  92  12:40  Roach x6  
  92  12:41  Roach x4  
  97  12:57  Baneling  
  97  12:58  Baneling x5  
  95  12:59  Baneling x6  
  95  13:00  Baneling x3  
  93  13:09  Drone x3  
  93  13:11  Roach x3  
  93  13:12  Roach  
  89  13:29  Zergling x2  
  89  13:30  Zergling x10  
  89  13:31  Roach x2  
Tags
 
Composition
MMM Bio
League
Silver
Matchup
TvZ
Opening
Pool First
Add a new tag
Caveats
  • Supply blocks, unpowered buildings, or Contaminate may cause inaccurate times.
  • Supply counts are checked every 10 seconds.